 Dungeon Crawl Stone Soup version 0.20-a0-386-g2d247ea (webtiles) character file.

1012 HagarQim the Comforter (level 8, -9/74 HPs)
             Began as a Deep Dwarf Fighter on Dec 29, 2016.
             Was a Follower of Elyvilon.
             Mangled by WobbleTop's ghost (14 damage)
             ... on level 4 of the Dungeon on Dec 30, 2016.
             The game lasted 00:16:28 (3034 turns).

HagarQim the Comforter (Deep Dwarf Fighter)         Turns: 3034, Time: 00:16:29

Health: -9/74      AC: 16    Str: 21    XL:     8   Next: 1%
Magic:  17/17      EV:  4    Int: 10    God:    Elyvilon [*.....]
Gold:   123        SH: 10    Dex: 12    Spells: 13/13 levels left

rFire  . . .     SeeInvis .     a - +0 war axe
rCold  . . .     Gourm    .     l - +0 plate armour
rNeg   . . .     Faith    .     c - +0 shield
rPois  .         Spirit   .     (no helmet)
rElec  .         Reflect  .     g - +0 cloak
rCorr  .         Harm     .     (no gloves)
MR     +....                    y - +1 pair of boots {run}
Stlth  ..........               (no amulet)
                                (no ring)
                                (no ring)

@: non-regenerating, drained, quick
A: damage resistance, recharge devices, sense surroundings 1, slow regeneration
3
a: Heal Wounds, Lesser Healing, Divine Protection, Renounce Religion


You were on level 4 of the Dungeon.
You worshipped Elyvilon.
Elyvilon was aware of your devotion.
You were hungry.

You visited 1 branch of the dungeon, and saw 4 of its levels.

You collected 123 gold pieces.

Inventory:

Hand Weapons
 a - a +0 war axe (weapon)
 h - a +2 dagger of venom
 k - a +5 short sword
Missiles
 e - 17 bolts
 u - 8 sling bullets
 D - 6 tomahawks (quivered)
Armour
 b - a +0 scale mail
 c - a +0 shield (worn)
 g - a +0 cloak (worn)
 l - a +0 plate armour (worn)
 y - a +1 pair of boots of running (worn)
Jewellery
 i - an uncursed ring of loudness
 A - an uncursed amulet of harm
Scrolls
 n - a scroll of remove curse
 o - 2 scrolls of enchant armour
 s - 2 scrolls of teleportation
Potions
 m - 2 potions of resistance
 r - a potion of brilliance
 v - 2 potions of flight
Comestibles
 f - 2 bread rations
 j - 4 chunks of flesh
 p - 2 meat rations


   Skills:
 + Level 5.0(4.0) Fighting
 + Level 6.5(5.5) Axes
 * Level 8.1(7.0) Armour
 + Level 6.5(5.4) Shields
 + Level 3.1(2.2) Spellcasting
 + Level 12.7(11.5) Invocations
   Level 5.1(4.1) Evocations


You had 13 spell levels left.
You didn't know any spells.

Dungeon Overview and Level Annotations

Branches:
Dungeon (4/15)
 Temple: D:4-7

Altars:
Elyvilon
Trog
Uskayaw
Vehumet
The Shining One

Annotations:
D:4 WobbleTop's ghost, amateur SpWr


Innate Abilities, Weirdness & Mutations

You are resistant to damage.
You can recharge devices by infusing magical energy.
You passively map a small area around you.
You do not regenerate.


Message History

WobbleTop's ghost is moderately damaged.
You feel a little less mighty now.
WobbleTop's ghost hits you but does no damage.
You closely miss WobbleTop's ghost.
WobbleTop's ghost is moderately damaged.
You are feeling hungry.
You block WobbleTop's ghost's attack.
Okay, then.
As you read the scroll labeled CUORAU FIZO, it crumbles to dust.
The creatures around you are filled with an inner flame!
It was a scroll of immolation.
You block WobbleTop's ghost's attack.
You miss WobbleTop's ghost.
WobbleTop's ghost is moderately damaged.
WobbleTop's ghost hits you but does no damage.
You are electrocuted!
* * * LOW HITPOINT WARNING * * *
WobbleTop's ghost hits you.
* * * LOW HITPOINT WARNING * * *
You are electrocuted!
You die...

########## ####### #........#
#.....# #........# #.....#
#........######.....##### #
#........#.†............. ##
#..........).........####
.########.........##))......##
..o.............@#..........#
oo)#..####...###W..####.....#
o($..#* #..## *#)#.#* #.....#


oo......... ,....... .#.....> ##o...... .....#####........# ....#.. #.#..##
###......# * ..[...# .. .(# .... ......# . .(# * * ,....... ,.(. * You could see
WobbleTop's ghost (inner flame).

Vanquished Creatures
  An ice beast (D:4)
  4 orc priests
  2 orc wizards (D:4)
  2 worker ants (D:4)
  6 adders
  An ooze (D:3)
  4 worms
  3 dart slugs
  10 orcs
  A ball python (D:3)
  9 giant cockroaches
  8 goblins
  7 hobgoblins
  3 jackals (D:1)
  A ball python skeleton (D:4)
  9 bats
  5 frilled lizards
  3 kobolds
  A quokka skeleton (D:3)
  4 rats (D:2)
84 creatures vanquished.

Notes
Turn   | Place    | Note
-------+----------+-------------------------------------------
     0 | D:1      | HagarQim the Deep Dwarf Fighter began the quest for the Orb.
     0 | D:1      | Reached XP level 1. HP: 20/20 MP: 1/1
   121 | D:1      | Reached XP level 2. HP: 25/27 MP: 2/2
   739 | D:1      | Reached XP level 3. HP: 27/33 MP: 3/3
  1004 | D:2      | Found a white marble altar of Elyvilon.
  1027 | D:2      | Became a worshipper of Elyvilon the Healer
  1514 | D:2      | Reached XP level 4. HP: 27/40 MP: 4/4
  1730 | D:2      | Reached * piety under Elyvilon
  2122 | D:3      | Identified a +0 pair of boots of running (You found it on level 3 of the Dungeon)
  2134 | D:3      | Reached XP level 5. HP: 30/49 MP: 5/5
  2366 | D:3      | Found a bloodstained altar of Trog.
  2395 | D:3      | Found a glowing golden altar of the Shining One.
  2399 | D:3      | Found a radiant altar of Vehumet.
  2441 | D:3      | Found a hide-covered altar of Uskayaw.
  2815 | D:4      | Reached skill level 5 in Invocations
  2815 | D:4      | Reached skill level 5 in Evocations
  2815 | D:4      | Reached XP level 6. HP: 41/60 MP: 5/10
  2816 | D:4      | Reached skill level 12 in Invocations
  2816 | D:4      | Reached XP level 7. HP: 46/66 MP: 5/16
  2902 | D:4      | HP: 2/66 [orc priest/divine providence (15)]
  2928 | D:4      | Reached skill level 5 in Fighting
  2992 | D:4      | Noticed WobbleTop's ghost (amateur SpWr)
  3009 | D:4      | Reached XP level 8. HP: 48/74 MP: 17/17
  3034 | D:4      | Mangled by WobbleTop's ghost

Vault maps used:
D:1:      sevenhm_arrival_forest_fort_large_2, grunt_decor_cap, corner_web_ring,
          st_stairs_6
D:2:      overflow_temple_1_default, kennysheep_small_spiral, st_stairs_14,
          corexii_leaking_fountain
D:3:      old_standard_altar, nicolae_overflow_hidden_temple
D:4:      uniq_edmund, uniq_crazy_yiuf_cottage, uniq_eustachio

Skill      XL: |  1  2  3  4  5  6  7 |
---------------+----------------------+-----
Axes           | 3 6 |  6.5
Armour         | 4 8 |  8.1
Fighting       | 3 4 5 |  5.0
Shields        | 4 6 |  6.5
Spellcasting   | 3 |  3.1
Invocations    | 5 12 | 12.7
Evocations     | 5 |  5.1

Action                   |  1- 3 |  4- 6 |  7- 9 || total
-------------------------+-------+-------+-------++-------
Melee: War axe           |   138 |   112 |    88 ||   338
Throw: Tomahawk          |       |     1 |     4 ||     5
 Abil: Heal Wounds       |       |       |     4 ||     4
  Use: Potion            |       |     8 |     1 ||     9
       Scroll            |       |     6 |     2 ||     8
  Eat: Chunk             |     2 |     5 |       ||     7
Armor: Scale mail        |    19 |       |       ||    19
       Plate armour      |    84 |    95 |   106 ||   285
Dodge: Dodged            |    28 |    15 |    20 ||    63
Block: Shield            |    76 |    64 |    62 ||   202
